 Dungeon Crawl Stone Soup version 0.24.0-41-g2ae2f7f1be (webtiles) character file.

Game seed: 14197183317115441789, levelgen mode: deterministic

1036 deaden27 the Cleaver (level 8, -5/70 HPs)
             Began as a Hill Orc Berserker on Dec 10, 2019.
             Was a Priest of Trog.
             Slain by a centaur (7 damage)
             ... on level 7 of the Dungeon.
             The game lasted 00:35:06 (5581 turns).

deaden27 the Cleaver (Hill Orc Berserker)           Turns: 5581, Time: 00:35:07

Health: -5/70      AC:  6    Str: 22    XL:     8   Next: 24%
Magic:  0/0        EV: 12    Int:  7    God:    Trog [***...]
Gold:   174        SH:  0    Dex: 10    Spells: 7/7 levels left

rFire    + . .     SeeInvis .   a - +0 hand axe
rCold    . . .     Gourm    .   (no shield)
rNeg     . . .     Faith    .   G - +2 leather armour of Dupn {rPois rF+ MP-9 Stlth+}
rPois    +         Spirit   .   (no helmet)
rElec    .         Reflect  .   (no cloak)
rCorr    .         Harm     +   k - +0 pair of gloves
MR       .....                  (no boots)
Stlth    ++........             h - amulet of harm
HPRegen  0.21/turn              (no ring)
MPRegen  0.07/turn              (no ring)

@: no status effects
A: no striking features
a: Berserk, Trog's Hand, Renounce Religion


You were on level 7 of the Dungeon.
You worshipped Trog.
Trog was most pleased with you.
You were not hungry.

You visited 1 branch of the dungeon, and saw 7 of its levels.

You collected 174 gold pieces.

Inventory:

Hand Weapons
 a - a +0 hand axe (weapon)
 b - a +0 falchion
 o - a +0 hand axe
 t - a +0 short sword
 z - a +0 short sword
 B - a +0 spear
 C - a cursed -1 hand axe
 E - a +1 trident of protection
 L - a +3 falchion
 O - a +0 dagger
 P - a +1 trident of venom
 Q - a +0 long sword
 R - a +0 morningstar
Missiles
 e - 259 stones (quivered)
 g - 36 bolts
 j - 69 arrows
 n - 5 boomerangs
 w - 22 poisoned darts
Armour
 d - a +0 ring mail
 f - a +0 robe
 k - a +0 pair of gloves (worn)
 p - a +0 leather armour
 v - a cursed +0 ring mail
 A - a cursed -1 plate armour
 G - the +2 leather armour of Dupn (worn) {rPois rF+ MP-9 Stlth+}
   (You found it on level 4 of the Dungeon)

   It protects you from fire.
   It protects you from poison.
   It affects your magic capacity (-9).
   It makes you more stealthy.
 M - a +0 leather armour
Jewellery
 h - an amulet of harm (around neck)
 D - a +4 ring of intelligence {unknown}
Wands
 I - a wand of polymorph (13)
Scrolls
 l - 3 scrolls of teleportation
 m - a scroll of fear {unknown}
 q - 4 scrolls of identify {unknown}
 r - a scroll of noise {unknown}
 u - a scroll of fog {unknown}
 y - 2 scrolls of blinking {unknown}
 H - a scroll of random uselessness {unknown}
 N - a scroll of magic mapping {unknown}
Potions
 i - 2 potions of degeneration
 s - a potion of lignification {unknown}
 x - a potion of curing
 F - a potion of agility {unknown}
 J - 2 potions of heal wounds {unknown}
 K - a potion of brilliance {unknown}
 T - a potion of magic
Comestibles
 c - 8 rations


   Skills:
 + Level 6.2 Fighting
 + Level 8.5 Axes
 + Level 5.2 Armour
 + Level 3.3 Dodging
 + Level 1.5 Stealth


You had 7 spell levels left.
You didn't know any spells.
Your spell library was empty.

Dungeon Overview and Level Annotations

Branches:
Dungeon (7/15)
 Temple: D:4-7

Altars:

Shops:
D:4 %


Message History

Your surroundings suddenly seem different.
Found 36 stones and a metal-bound book.
A centaur comes into view.
You're too hungry to rest.
You're too hungry to rest.
You eat one of the 9 rations.
That ration really hit the spot!
A centaur is nearby!
You bump into the rock wall.
You feel less confused.
The centaur shouts!
The centaur wields a +0 shortbow.
The centaur shoots an arrow.
The arrow barely misses you.
The centaur shoots an arrow.
The arrow hits you but does no damage.
You see here an arrow.
The centaur unwields a +0 shortbow.
The centaur hits you.
* * * LOW HITPOINT WARNING * * *
You hit the centaur but do no damage.
You recover from your berserk rage.
The centaur hits you.
You die...

.. ## .# #.. #.#
#..: ..# ...(#
##..#
.(...###...##
............###.
..(....(@c......
#..............#
###..######..###
...... ## ##
...... ......
#..... #?....
......


You could see a centaur.

Vanquished Creatures
  Grinder (D:4)
  Menkaure (D:6)
  The ghost of p0werm0de the Slasher, an amateur TeSk (D:4)
  An orc warrior (D:6)
  A bullfrog (D:4)
  A howler monkey (D:4)
  A jelly (D:6)
  A hound (D:4)
  2 orc priests (D:5)
  A bullfrog skeleton (D:6)
  Terence (D:3)
  A worker ant (D:6)
  2 orc wizards (D:6)
  5 adders
  A worm (D:4)
  3 dart slugs
  2 leopard geckos
  17 orcs
  6 giant cockroaches
  11 goblins
  10 hobgoblins
  A jackal (D:4)
  3 quokkas
  7 bats
  6 frilled lizards
  12 kobolds
  A leopard gecko zombie (D:5)
  7 rats
107 creatures vanquished.

Notes
Turn   | Place    | Note
-------+----------+-------------------------------------------
     0 | D:1      | deaden27 the Hill Orc Berserker began the quest for the
                  | Orb.
     0 | D:1      | Reached XP level 1. HP: 19/19 MP: 1/1
   398 | D:1      | Reached XP level 2. HP: 26/27 MP: 2/2
   979 | D:1      | Reached XP level 3. HP: 33/33 MP: 3/3
  1644 | D:2      | Reached ** piety under Trog
  1835 | D:2      | You fall into a shaft and drop 1 floor!
  1861 | D:3      | Noticed Grinder
  1868 | D:3      | Paralysed by Grinder for 4 turns
  1890 | D:4      | HP: 1/34 [Grinder/nerve-wracking pain (10)]
  1956 | D:4      | Reached XP level 4. HP: 19/41 MP: 4/4
  1959 | D:4      | Reached skill level 5 in Axes
  2322 | D:4      | Got a jewelled leather armour
  2333 | D:4      | Identified the +2 leather armour of Dupn {rPois rF+ MP-9
                  | Stlth+} (You found it on level 4 of the Dungeon)
  2361 | D:4      | Paralysed by Grinder for 5 turns
  2373 | D:4      | Paralysed by Grinder for 4 turns
  2382 | D:4      | Killed Grinder
  2382 | D:4      | Reached skill level 5 in Fighting
  2382 | D:4      | Reached skill level 6 in Axes
  2382 | D:4      | Reached XP level 5. HP: 5/48 MP: 0/5
  2382 | D:4      | Reached XP level 6. HP: 6/56 MP: 0/6
  2460 | D:4      | Noticed p0werm0de's ghost (amateur TeSk)
  2579 | D:4      | Found a transporter.
  2585 | D:4      | Found a transporter.
  2746 | D:5      | Entered Level 5 of the Dungeon
  2916 | D:4      | Found Yporischu's Food Emporium.
  3123 | D:3      | Noticed Terence
  3128 | D:3      | Killed Terence
  3287 | D:3      | Reached XP level 7. HP: 57/61 MP: 0/7
  4254 | D:4      | Killed p0werm0de's ghost
  4254 | D:4      | Reached skill level 1 in Stealth
  4259 | D:4      | Reached skill level 7 in Axes
  5091 | D:6      | Reached *** piety under Trog
  5117 | D:6      | Reached skill level 8 in Axes
  5117 | D:6      | Reached XP level 8. HP: 30/70 MP: 0/8
  5174 | D:6      | Reached skill level 5 in Armour
  5344 | D:6      | Noticed Menkaure
  5525 | D:6      | Killed Menkaure
  5580 | D:7      | HP: 2/70 [centaur (4)]
  5581 | D:7      | Slain by a centaur

Levels and vault maps discovered:
D:1:      dpeg_arrival_morbid_curiosity, layout_basic, columned_hall_lemuel
D:2:      layout_loops_ring, first_ration, minmay_pentomino_w2
D:3:      layout_rooms, uniq_grinder, uniq_terence
D:4:      layout_gridville, gammafunk_ghost_arena, serial_shops,
          kennysheep_mini_moat
D:5:      layout_rooms, vehumet_crystals, solitary_fountain
D:6:      layout_basic, doesnt_xom_only_xom, minmay_temple_entry_antechambers,
          fedhas_altar_4, uniq_menkaure
D:7:      minmay_thinvault, layout_layer_cave, nicolae_ossuary_entry_plus

Skill      XL: |  1  2  3  4  5  6  7  8 |
---------------+-------------------------+-----
Fighting       | 4 5 6 |  6.2
Dodging        | 2 3 |  3.3
Axes           | 6 8 |  8.5
Armour         | 3 4 5 |  5.2
Stealth        | 1 |  1.5

Action                   |  1- 3 |  4- 6 |  7- 9 || total
-------------------------+-------+-------+-------++-------
Melee: Hand axe          |   163 |    89 |   111 ||   363
Invok: Berserk           |     1 |     4 |     4 ||     9
       Trog's Hand       |     1 |       |       ||     1
  Use: Potion            |     3 |       |     4 ||     7
       Scroll            |     1 |       |     1 ||     2
 Stab: Sleeping          |       |     1 |       ||     1
  Eat: Chunk             |     4 |     9 |     5 ||    18
       Ration            |       |       |     2 ||     2
Armor: Animal skin       |     5 |       |       ||     5
       Ring mail         |    76 |     7 |       ||    83
       Leather armour    |       |    22 |    41 ||    63
Dodge: Dodged            |   127 |    68 |    67 ||   262
